ITL
ALLENTOWN HILLBILLIES @ AMARILLO ARCHDUKES
08/30/2029
 
TOP OF THE 1ST
Allentown Hillbillies batting - Pitching for Amarillo Archdukes : RHP Robinson Alomar
Pitching: RHP Robinson Alomar
Batting: LHB Júlio Lorenzo 0-0: Swinging Strike
0-1: Ball
1-1: Foul Ball, location: 2F
1-2: Foul Ball, location: 2F
1-2: Foul Ball, location: 2F
1-2: Foul Ball, location: 2F
1-2: Ball
2-2: Strikes out swinging
Batting: RHB Von Ford 0-0: Fly out, F7 (Flyball, 7S)
Batting: RHB Dan Banks 0-0: Swinging Strike
0-1: Ball
1-1: Ball
2-1: Ball
3-1: Base on Balls
Batting: LHB John Hudson 0-0: Ball
1-0: Called Strike
1-1: Ball
2-1: Called Strike
2-2: Ball
3-2: Ground out 6-3 (Groundball, 6)
Top of the 1st over - 0 runs, 0 hits, 0 errors, 1 left on base; Allentown 0 - Amarillo 0
BOTTOM OF THE 1ST
Amarillo Archdukes batting - Pitching for Allentown Hillbillies : LHP Robert Trent
Pitching: LHP Robert Trent
Batting: RHB Curt Wagner 0-0: Swinging Strike
0-1: Ball
1-1: Ground out 5-3 (Groundball, 25)
Batting: LHB Edwin Ryan 0-0: Swinging Strike
0-1: Ball
1-1: Called Strike
1-2: Ball
2-2: Strikes out swinging
Batting: RHB Jon Krohne 0-0: Called Strike
0-1: Foul Ball, location: 2F
0-2: Ball
1-2: Ball
2-2: Ball
3-2: Foul Ball, location: 2F
3-2: SINGLE (Groundball, 34D)
Batting: LHB Michael Cook 0-0: Called Strike
0-1: Fly out, F8 (Line Drive, 8LXD)
Bottom of the 1st over - 0 runs, 1 hit, 0 errors, 1 left on base; Allentown 0 - Amarillo 0
TOP OF THE 2ND
Allentown Hillbillies batting - Pitching for Amarillo Archdukes : RHP Robinson Alomar
Batting: RHB Donald Sanford 0-0: Called Strike
0-1: Foul Ball, location: 2F
0-2: Ball
1-2: Strikes out looking
Batting: RHB Diego Rivera 0-0: Called Strike
0-1: SOLO HOME RUN (Flyball, 9LD), Distance : 324 ft
Batting: RHB Germano Labrego 0-0: Ball
1-0: Ball
2-0: SINGLE (Groundball, 56D)
Batting: RHB Justin Harris 0-0: Called Strike
0-1: Ball
1-1: Ball
2-1: Ball
3-1: Foul Ball, location: 2F
3-2: Foul Ball, location: 2F
3-2: Strikes out swinging
Batting: RHB Kolomon Meise 0-0: Called Strike
0-1: Ball
1-1: Fly out, F5 (Line Drive, 56)
Top of the 2nd over - 1 run, 2 hits, 0 errors, 1 left on base; Allentown 1 - Amarillo 0
BOTTOM OF THE 2ND
Amarillo Archdukes batting - Pitching for Allentown Hillbillies : LHP Robert Trent
Batting: RHB Roberto García 0-0: Called Strike
0-1: Swinging Strike
0-2: Ball
1-2: Strikes out swinging
Batting: RHB Herb Bunch 0-0: Called Strike
0-1: Swinging Strike
0-2: SINGLE (Groundball, 4MD)
Batting: RHB José Tamayo 0-0: Ball
1-0: Called Strike
1-1: Foul Ball, location: 2F
1-2: Foul Ball, location: 2F
1-2: Ball
Wild Pitch!
Herb Bunch to second
2-2: Foul Ball, location: 2F
2-2: Strikes out swinging
Batting: LHB Jesús Bueno 0-0: Ground out 5-3 (Groundball, 56)
Bottom of the 2nd over - 0 runs, 1 hit, 0 errors, 1 left on base; Allentown 1 - Amarillo 0
TOP OF THE 3RD
Allentown Hillbillies batting - Pitching for Amarillo Archdukes : RHP Robinson Alomar
Batting: LHB Júlio Lorenzo 0-0: Ball
1-0: Foul Ball, location: 2F
1-1: Called Strike
1-2: Ball
2-2: Foul Ball, location: 2F
2-2: SINGLE (Line Drive, 6D)
Batting: RHB Von Ford 0-0: Ball
1-0: DOUBLE (Flyball, 8RXD)
Júlio Lorenzo to third
Runner from 3rd tries for Home, SAFE, no throw
Batting: RHB Dan Banks 0-0: Called Strike
0-1: Called Strike
0-2: Foul Ball, location: 2F
0-2: Ball
1-2: Foul Ball, location: 2F
1-2: Strikes out swinging
Batting: LHB John Hudson 0-0: Ball
1-0: Ball
2-0: Foul Ball, location: 2F
2-1: Ball
3-1: Base on Balls
Batting: RHB Donald Sanford 0-0: Foul Ball, location: 2F
0-1: Ball
1-1: Foul Ball, location: 2F
1-2: Ball
2-2: Grounds into double play, 6-4-3 (Groundball, 56)
Top of the 3rd over - 1 run, 2 hits, 0 errors, 1 left on base; Allentown 2 - Amarillo 0
BOTTOM OF THE 3RD
Amarillo Archdukes batting - Pitching for Allentown Hillbillies : LHP Robert Trent
Batting: LHB John Frost 0-0: Called Strike
0-1: Foul Ball, location: 2F
0-2: Strikes out looking
Batting: RHB Curt Wagner 0-0: Called Strike
0-1: Swinging Strike
0-2: Ball
1-2: Ball
2-2: Ball
3-2: Base on Balls
Batting: LHB Edwin Ryan 0-0: Swinging Strike
0-1: Swinging Strike
0-2: Foul Ball, location: 2F
0-2: Foul Ball, location: 2F
0-2: Foul Ball, location: 2F
0-2: Strikes out looking
Batting: RHB Jon Krohne 0-0: Called Strike
0-1: Ball
1-1: Ball
2-1: Ball
3-1: Foul Ball, location: 2F
3-2: Fly out, F8 (Flyball, 8LS)
Bottom of the 3rd over - 0 runs, 0 hits, 0 errors, 1 left on base; Allentown 2 - Amarillo 0
TOP OF THE 4TH
Allentown Hillbillies batting - Pitching for Amarillo Archdukes : RHP Robinson Alomar
Batting: RHB Diego Rivera 0-0: Called Strike
0-1: Swinging Strike
0-2: Ball
1-2: Strikes out swinging
Batting: RHB Germano Labrego 0-0: Ball
1-0: Ball
2-0: Ground out 6-3 (Groundball, 56)
Batting: RHB Justin Harris 0-0: Ball
1-0: Ball
2-0: Ball
3-0: Called Strike
3-1: Swinging Strike
3-2: Strikes out swinging
Top of the 4th over - 0 runs, 0 hits, 0 errors, 0 left on base; Allentown 2 - Amarillo 0
BOTTOM OF THE 4TH
Amarillo Archdukes batting - Pitching for Allentown Hillbillies : LHP Robert Trent
Batting: LHB Michael Cook 0-0: Called Strike
0-1: Ball
1-1: Swinging Strike
1-2: Foul Ball, location: 2F
1-2: Foul Ball, location: 2F
1-2: Strikes out swinging
Batting: RHB Roberto García 0-0: Called Strike
0-1: Fly out, F9 (Flyball, 9D)
Batting: RHB Herb Bunch 0-0: Called Strike
0-1: Swinging Strike
0-2: Ball
1-2: Ball
2-2: Ball
3-2: Base on Balls
Batting: RHB José Tamayo 0-0: Ball
1-0: Ball
2-0: Ground out 1-3 (Groundball, P)
Bottom of the 4th over - 0 runs, 0 hits, 0 errors, 1 left on base; Allentown 2 - Amarillo 0
TOP OF THE 5TH
Allentown Hillbillies batting - Pitching for Amarillo Archdukes : RHP Robinson Alomar
Batting: RHB Kolomon Meise 0-0: Ball
1-0: Ball
2-0: Called Strike
2-1: Called Strike
2-2: Hit by Pitch
Batting: LHB Júlio Lorenzo 0-0: Called Strike
0-1: Fielders Choice at 2nd, 4-6 (Groundball, 4)
Batting: RHB Von Ford 0-0: Ball
Júlio Lorenzo is caught stealing 2nd base
1-0: Ground out 3-1 (Groundball, 34)
Top of the 5th over - 0 runs, 0 hits, 0 errors, 0 left on base; Allentown 2 - Amarillo 0
BOTTOM OF THE 5TH
Amarillo Archdukes batting - Pitching for Allentown Hillbillies : LHP Robert Trent
Batting: LHB Jesús Bueno 0-0: Ball
1-0: Called Strike
1-1: Foul Ball, location: 2F
1-2: Ground out U3 (Groundball, 3S)
Batting: LHB John Frost 0-0: Ball
1-0: Swinging Strike
1-1: Ball
2-1: SINGLE (Line Drive, 7LS)
Batting: RHB Curt Wagner 0-0: Swinging Strike
0-1: Ball
1-1: Ball
2-1: Ball
3-1: Foul Ball, location: 2F
3-2: Reached on error, E5 (Groundball, 5)
John Frost to second
Pitching: LHP Emílio Trevino
Batting: LHB Edwin Ryan 0-0: Called Strike
0-1: Called Strike
0-2: Ball
1-2: Ball
2-2: SINGLE (Groundball, 34D)
John Frost to third
Curt Wagner to second
Runner from 3rd tries for Home, SAFE, no throw
Batting: RHB Jon Krohne 0-0: Ball
1-0: Swinging Strike
1-1: Ball
2-1: Ball
3-1: DOUBLE (Line Drive, 7LD)
Curt Wagner scores
Edwin Ryan to third
Batting: LHB Michael Cook 0-0: Called Strike
0-1: Foul Ball, location: 2F
0-2: Strikes out looking
Batting: RHB Roberto García 0-0: Ball
1-0: DOUBLE (Line Drive, 7LD)
Edwin Ryan scores
Jon Krohne scores
Batting: RHB Herb Bunch 0-0: Ball
1-0: Ball
2-0: Foul Ball, location: 2F
2-1: Ball
3-1: Called Strike
3-2: Foul Ball, location: 2F
3-2: Base on Balls
Batting: RHB José Tamayo 0-0: Ball
1-0: Ball
2-0: Ball
3-0: Base on Balls
Roberto García to third
Herb Bunch to second
Batting: LHB Jesús Bueno 0-0: Called Strike
0-1: Foul Ball, location: 2F
0-2: Ball
1-2: Ball
2-2: Foul Ball, location: 2F
2-2: Ball
3-2: Foul Ball, location: 2F
3-2: Base on Balls
Roberto García scores
Herb Bunch to third
José Tamayo to second
Batting: LHB John Frost 0-0: Ball
1-0: Ball
2-0: Ball
3-0: Called Strike
3-1: Base on Balls
Herb Bunch scores
José Tamayo to third
Jesús Bueno to second
Pitching: RHP Dale Downs
Batting: RHB Curt Wagner 0-0: Foul Ball, location: 2F
0-1: Swinging Strike
0-2: Ball
1-2: Strikes out looking
Bottom of the 5th over - 6 runs, 4 hits, 1 error, 3 left on base; Allentown 2 - Amarillo 6
TOP OF THE 6TH
Allentown Hillbillies batting - Pitching for Amarillo Archdukes : RHP Robinson Alomar
Batting: RHB Dan Banks 0-0: Ball
1-0: Foul Ball, location: 2F
1-1: Fly out, F4 (Flyball, 34D)
Batting: LHB John Hudson 0-0: Ball
1-0: Foul Ball, location: 2F
1-1: Swinging Strike
1-2: Ball
2-2: Strikes out swinging
Batting: RHB Donald Sanford 0-0: Ball
1-0: Ball
2-0: Ball
3-0: Base on Balls
Pitching: RHP Pedro Lara
Batting: RHB Diego Rivera 0-0: Fly out, F3 (Popup, 3SF)
Top of the 6th over - 0 runs, 0 hits, 0 errors, 1 left on base; Allentown 2 - Amarillo 6
BOTTOM OF THE 6TH
Amarillo Archdukes batting - Pitching for Allentown Hillbillies : RHP Dale Downs
Batting: LHB Edwin Ryan 0-0: Called Strike
0-1: Ground out 4-3 (Groundball, 4)
Batting: RHB Jon Krohne 0-0: Ball
1-0: Fly out, F7 (Flyball, 7S)
Batting: LHB Michael Cook 0-0: Called Strike
0-1: Ball
1-1: Called Strike
1-2: Ball
2-2: SINGLE (Groundball, 4MD)
Batting: RHB Roberto García 0-0: Called Strike
Michael Cook is caught stealing 2nd base
Bottom of the 6th over - 0 runs, 1 hit, 0 errors, 0 left on base; Allentown 2 - Amarillo 6
TOP OF THE 7TH
Allentown Hillbillies batting - Pitching for Amarillo Archdukes : RHP Pedro Lara
Batting: RHB Germano Labrego 0-0: Called Strike
0-1: Called Strike
0-2: Foul Ball, location: 2F
0-2: Ball
1-2: Strikes out swinging
Batting: RHB Justin Harris 0-0: Foul Ball, location: 2F
0-1: Ball
1-1: Called Strike
1-2: SINGLE (Flyball, 34D)
Batting: RHB Kolomon Meise 0-0: Called Strike
0-1: Ball
1-1: Swinging Strike
1-2: Strikes out looking
Batting: LHB Júlio Lorenzo 0-0: Ball
1-0: Fly out, F7 (Flyball, 7S)
Top of the 7th over - 0 runs, 1 hit, 0 errors, 1 left on base; Allentown 2 - Amarillo 6
BOTTOM OF THE 7TH
Amarillo Archdukes batting - Pitching for Allentown Hillbillies : RHP Dale Downs
Batting: RHB Roberto García 0-0: Ball
1-0: Foul Ball, location: 2F
1-1: Ball
2-1: Ball
3-1: Swinging Strike
3-2: SINGLE (Groundball, 6MD)
Batting: RHB Herb Bunch 0-0: Ball
1-0: Swinging Strike
1-1: Fly out, F7 (Flyball, 78D)
Batting: RHB José Tamayo 0-0: Ball
1-0: Ball
2-0: Called Strike
2-1: Swinging Strike
2-2: Ball
3-2: Strikes out swinging
Batting: LHB Jesús Bueno 0-0: Called Strike
0-1: Foul Ball, location: 2F
0-2: Ball
1-2: Foul Ball, location: 2F
1-2: Foul Ball, location: 2F
1-2: Strikes out swinging
Bottom of the 7th over - 0 runs, 1 hit, 0 errors, 1 left on base; Allentown 2 - Amarillo 6
TOP OF THE 8TH
Allentown Hillbillies batting - Pitching for Amarillo Archdukes : RHP Pedro Lara
Batting: RHB Von Ford 0-0: DOUBLE (Flyball, 78D)
Batting: RHB Dan Banks 0-0: Ball
1-0: Called Strike
1-1: Ball
2-1: Swinging Strike
2-2: Ball
3-2: Ground out 5-3 (Groundball, 56S)
Von Ford to third
Batting: LHB John Hudson 0-0: Called Strike
0-1: Ball
1-1: Ball
Wild Pitch!
Von Ford scores
2-1: Ball
3-1: Base on Balls
Batting: RHB Donald Sanford 0-0: Ball
1-0: Fly out, F7 (Flyball, 7LS)
Batting: RHB Diego Rivera 0-0: Ball
1-0: Swinging Strike
1-1: Called Strike
1-2: Ball
2-2: Strikes out swinging
Top of the 8th over - 1 run, 1 hit, 0 errors, 1 left on base; Allentown 3 - Amarillo 6
BOTTOM OF THE 8TH
Amarillo Archdukes batting - Pitching for Allentown Hillbillies : RHP Dale Downs
Batting: LHB John Frost 0-0: Ball
1-0: Ball
2-0: Called Strike
2-1: Ball
3-1: Base on Balls
Batting: RHB Curt Wagner 0-0: Ball
1-0: Ball
2-0: Called Strike
2-1: Foul Ball, location: 2F
2-2: Fly out, F4 (Flyball, 4MD)
Batting: LHB Edwin Ryan 0-0: Called Strike
John Frost steals 2nd base
0-1: Called Strike
0-2: Ball
1-2: Foul Ball, location: 2F
1-2: Ground out 4-3 (Groundball, 4)
John Frost to third
Batting: RHB Jon Krohne 0-0: Called Strike
0-1: Called Strike
0-2: Ball
1-2: Foul Ball, location: 2F
1-2: Ball
2-2: Ground out 6-3 (Groundball, 6)
Bottom of the 8th over - 0 runs, 0 hits, 0 errors, 1 left on base; Allentown 3 - Amarillo 6
TOP OF THE 9TH
Allentown Hillbillies batting - Pitching for Amarillo Archdukes : RHP Pedro Lara
Pitching: LHP Christiano Gomes
Batting: RHB Germano Labrego 0-0: Fly out, F4 (Popup, 13)
Batting: RHB Justin Harris 0-0: Foul Ball, location: 2F
0-1: Called Strike
0-2: Strikes out swinging
Batting: RHB Kolomon Meise 0-0: Ball
1-0: Ball
2-0: Ball
3-0: Called Strike
3-1: Base on Balls
Batting: LHB Júlio Lorenzo 0-0: Foul Ball, location: 2F
0-1: Called Strike
0-2: Ball
1-2: Foul Ball, location: 2F
1-2: Strikes out swinging
Top of the 9th over - 0 runs, 0 hits, 0 errors, 1 left on base; Allentown 3 - Amarillo 6
Saturday, December 16th, 2017 - OOTP Baseball 18.8 Build 76